[Event "Titled Tuesday Blitz December 06 Late 2022"]
[White "Estrada Nieto, Julian"]
[Black "Romero Ruscalleda, Josep"]
[WhiteFideId "5101018"]
[BlackFideId "2231859"]
[WhiteElo "2195"]
[BlackElo "2183"]
[Result "1-0"]
[Round "07"]
[TimeControl "180+1"]
[Date "2022.12.07"]
[WhiteClock "0:00:13"]
[BlackClock "0:00:02"]

1. e4 g6 2. d4 Bg7 3. Nf3 d6 4. Nc3 a6 5. Be2 b5 6. a3 Bb7 7. O-O Nd7 8. Re1 c5 9. d5 Ngf6 10. Bf1 O-O 11. h3 Qc7 12. Bf4 Rfe8 13. Qd2 c4 14. e5 dxe5 15. Nxe5 Nxe5 16. Bxe5 Qd7 17. Rad1 Rad8 18. Qd4 Nh5 19. Qb6 Bxe5 20. Rxe5 Qd6 21. Qxd6 Rxd6 22. g3 Nf6 23. Bg2 Kf8 24. g4 h6 25. Rde1 Nd7 26. R5e2 Nb6 27. Ne4 Rdd8 28. Nc5 Bxd5 29. Nxa6 Bxg2 30. Kxg2 Nd5 31. Kg3 Rc8 32. c3 e6 33. Nb4 Nxb4 34. axb4 Red8 35. Re5 Rd5 36. Rxd5 exd5 37. Re5 Rd8 38. Kf3 f6 39. Re6 Kf7 40. Rb6 d4 41. cxd4 Rxd4 42. Rxb5 Rd3+ 43. Kg2 Rb3 44. Rb7+ Ke6 45. Rc7 Rxb4 46. Rc6+ Ke5 47. Kg3 h5 48. f4+ Kd5 49. Rxf6 hxg4 50. hxg4 Rxb2 51. Rxg6 c3 52. Rg8 c2 53. Rc8 Kd4 54. Kh4 Kd3 55. f5 Rb4 56. f6 Rc4 57. Rxc4 Kxc4 58. f7 c1=Q 59. f8=Q 1-0


[Site "https://www.chess.com"]

[Event "Titled Tuesday Blitz December 06 Late 2022"]
[White "Fernandez De La Vara, Arnaldo"]
[Black "Winterberg, Lukas"]
[WhiteFideId "3518388"]
[BlackFideId "24622702"]
[WhiteElo "2387"]
[BlackElo "2350"]
[Result "0-1"]
[Round "07"]
[TimeControl "180+1"]
[Date "2022.12.07"]
[WhiteClock "0:00:03"]
[BlackClock "0:00:07"]

1. Nf3 Nf6 2. b3 d5 3. c4 c5 4. cxd5 Nxd5 5. g3 Nc6 6. Bb2 f6 7. Bg2 e5 8. O-O Be6 9. d3 Be7 10. Nbd2 O-O 11. a3 Kh8 12. e3 Qd7 13. Qc2 Rac8 14. Rac1 Rfd8 15. Rfd1 Nb6 16. Nc4 Nxc4 17. bxc4 Bf5 18. Nh4 Bxd3 19. Qc3 g5 20. Bf1 e4 21. Nf3 Qf5 22. Bxd3 Qxf3 23. Bc2 Ne5 24. Qb3 Ng4 25. Rf1 Rd2 26. Bd1 Qf5 27. Qxb7 Nxf2 28. Bh5 Bd6 29. Qf7 Rxb2 30. Rcd1 Bf8 31. Qd5 Qxd5 32. Rxd5 Nd3 33. Rxf6 Bg7 34. Rf7 Rb1+ 35. Kg2 Rb2+ 36. Kg1 Rf8 37. Rdd7 Rxf7 38. Bxf7 Rb1+ 39. Kg2 Rb2+ 40. Kf1 Ne5 41. Rd8+ Bf8 42. Bd5 Kg7 43. Bxe4 Ng4 44. Ke1 Nxe3 45. Rd7+ Kf6 46. Rxh7 Bg7 47. h4 gxh4 48. Rh6+ Bxh6 0-1


[Site "https://www.chess.com"]

[Event "Titled Tuesday Blitz December 06 Late 2022"]
[White "Fernandez Siles, Luis"]
[Black "Erzhanov, Arman"]
[WhiteFideId "2209420"]
[BlackFideId "4138821"]
[WhiteElo "2186"]
[BlackElo "2176"]
[Result "0-1"]
[Round "07"]
[TimeControl "180+1"]
[Date "2022.12.07"]
[WhiteClock "0:02:03"]
[BlackClock "0:02:48"]

1. d4 d6 2. Nf3 g6 3. c4 Bg7 4. Nc3 e5 5. e4 Bg4 6. dxe5 Bxf3 7. Qxf3 dxe5 8. Be3 Nc6 9. Rd1 Nd4 10. Bxd4 exd4 11. Nb5 c6 12. Na3 Qa5+ 13. Rd2 Bh6 0-1


[Site "https://www.chess.com"]

[Event "Titled Tuesday Blitz December 06 Late 2022"]
[White "Ferriz Barrios, Andres"]
[Black "Saya, Ethan"]
[WhiteFideId "5104467"]
[BlackFideId "26095181"]
[WhiteElo "2245"]
[BlackElo "2178"]
[Result "1-0"]
[Round "07"]
[TimeControl "180+1"]
[Date "2022.12.07"]
[WhiteClock "0:00:30"]
[BlackClock "0:00:02"]

1. d4 Nf6 2. Nf3 e6 3. e3 b6 4. Nbd2 Bb7 5. Bd3 d5 6. O-O Nbd7 7. Re1 Bd6 8. Qe2 O-O 9. e4 dxe4 10. Nxe4 Nxe4 11. Bxe4 Bxe4 12. Qxe4 Nf6 13. Qh4 c5 14. c3 cxd4 15. cxd4 Nd5 16. Bg5 Be7 17. Bxe7 Qxe7 18. Qe4 Rac8 19. a3 Rfd8 20. Rac1 Qd6 21. Ng5 Nf6 22. Qb7 Qf8 23. Rxc8 Rxc8 24. Qxa7 b5 25. Qa5 b4 26. axb4 Rc2 27. h3 Rxb2 28. b5 h6 29. Nf3 Qb4 30. Qd8+ Kh7 31. Re5 Qc4 32. Qe7 Qc1+ 33. Kh2 Qf4+ 34. Kg1 Rb1+ 35. Re1 Rxe1+ 36. Nxe1 Ne4 37. Nf3 Qc1+ 38. Kh2 Qf4+ 39. Kg1 Qc1+ 40. Kh2 Nxf2 41. Qxf7 Qh1+ 42. Kg3 Ne4+ 43. Kf4 Nf6 44. Qxe6 Qc1+ 45. Kg3 Nh5+ 46. Kh4 Nf4 47. Qe4+ Ng6+ 48. Kg3 Qb2 49. Qf5 Qc3 50. h4 Qc7+ 51. Kg4 h5+ 52. Qxh5+ Kg8 53. Qxg6 Qd7+ 54. Qf5 Qd8 55. b6 Qc8 56. Qxc8+ Kh7 57. Ng5+ Kh6 58. Qh8+ Kg6 59. Qh5+ Kf6 60. Qf7# 1-0


[Site "https://www.chess.com"]

[Event "Titled Tuesday Blitz December 06 Late 2022"]
[White "Freile Martin, Javier"]
[Black "Kavutskiy, Konstantin"]
[WhiteFideId "3600165"]
[BlackFideId "2026384"]
[WhiteElo "2354"]
[BlackElo "2386"]
[Result "0-1"]
[Round "07"]
[TimeControl "180+1"]
[Date "2022.12.07"]
[WhiteClock "0:00:03"]
[BlackClock "0:00:09"]

1. c4 g6 2. d4 Bg7 3. e4 d6 4. Nc3 Nf6 5. Nf3 O-O 6. Be2 e5 7. O-O h6 8. d5 a5 9. Ne1 b6 10. Nd3 Na6 11. Be3 Nd7 12. Qd2 Kh7 13. a3 f5 14. f3 f4 15. Bf2 Ndc5 16. Nxc5 bxc5 17. g4 h5 18. h3 Bf6 19. Qe1 Nb8 20. Kg2 Rh8 21. Rh1 Kg8 22. Nb5 Nd7 23. b4 axb4 24. axb4 Rxa1 25. Qxa1 Bh4 26. Bg1 Rh7 27. bxc5 Nxc5 28. Qa8 Bd7 29. Qxd8+ Bxd8 30. Bxc5 dxc5 31. Ra1 Bxb5 32. cxb5 Be7 33. Bc4 Bd6 34. Ra8+ Kg7 35. Re8 Kh6 36. h4 hxg4 37. fxg4 Rf7 38. Kf3 Kg7 39. g5 Rd7 40. Bf1 Kf7 41. Rh8 Kg7 42. Rc8 Rf7 43. Bh3 Rf8 44. Rxf8 Kxf8 45. Be6 c4 46. Ke2 Bb4 47. Bg4 Ke7 48. h5 gxh5 49. Bxh5 Ba5 50. Bg4 Kd6 51. Be6 Ke7 52. d6+ Kxd6 53. Bxc4 Ke7 54. g6 Kf6 55. Bf7 Bb6 56. Kf3 Kg7 57. Kg4 Bd4 58. Kf5 f3 59. Bc4 f2 60. Bf1 Bc3 61. Kg5 Bd2+ 62. Kf5 Bf4 63. Ke6 Kxg6 64. Kd7 Be3 65. Kxc7 Kg5 66. b6 Kf4 67. b7 Ba7 68. Kd6 Kxe4 69. Kc7 Kf4 70. b8=Q Bxb8+ 71. Kxb8 e4 72. Kc7 e3 73. Be2 Kg3 74. Kd6 Kg2 75. Ke5 f1=Q 76. Bxf1+ Kxf1 77. Kf4 e2 78. Kg3 e1=Q+ 79. Kh2 Qh4# 0-1


[Site "https://www.chess.com"]

[Event "Titled Tuesday Blitz December 06 Late 2022"]
[White "Girsh, Daniel"]
[Black "Mladek, Richard"]
[WhiteFideId "30949190"]
[BlackFideId "386588"]
[WhiteElo "2075"]
[BlackElo "2271"]
[Result "0-1"]
[Round "07"]
[TimeControl "180+1"]
[Date "2022.12.07"]
[WhiteClock "0:00:01"]
[BlackClock "0:00:08"]

1. d4 d5 2. c4 e6 3. Nf3 Nf6 4. g3 Be7 5. Bg2 O-O 6. O-O dxc4 7. Qc2 a6 8. a4 Bd7 9. Qxc4 Bc6 10. Bf4 Nbd7 11. Qc1 Bd6 12. Nc3 Qe7 13. Re1 e5 14. dxe5 Nxe5 15. Nxe5 Bxg2 16. Nxf7 Bc6 17. Nxd6 cxd6 18. Qd2 Rad8 19. Rad1 d5 20. Qd4 Qe6 21. Bg5 h6 22. Bxf6 Rxf6 23. e4 Qh3 24. exd5 Bd7 25. Ne4 Rff8 26. Rd3 Bg4 27. Ree3 Rc8 28. Nc3 Rf7 29. f3 Bf5 30. Rd2 b5 31. d6 Bd7 32. axb5 axb5 33. Qh4 Qf5 34. Qe4 Qc5 35. Qd4 Qf5 36. Qe5 Qh3 37. b4 Re8 38. Qd4 Ra8 0-1


[Site "https://www.chess.com"]

[Event "Titled Tuesday Blitz December 06 Late 2022"]
[White "Graif, William"]
[Black "Stanisz, Patryk"]
[WhiteFideId "2609835"]
[BlackFideId "1123106"]
[WhiteElo "2205"]
[BlackElo "2069"]
[Result "1-0"]
[Round "07"]
[TimeControl "180+1"]
[Date "2022.12.07"]
[WhiteClock "0:00:21"]
[BlackClock "0:00:03"]

1. e4 c5 2. Nc3 Nc6 3. Bb5 g6 4. Bxc6 dxc6 5. d3 Nf6 6. f4 Bg7 7. Nf3 O-O 8. O-O c4 9. d4 b5 10. a3 Qb6 11. Qe1 Bg4 12. Qh4 Bxf3 13. Rxf3 Qxd4+ 14. Be3 Qd7 15. f5 a5 16. Rd1 Qb7 17. Rh3 h5 18. Bg5 b4 19. Ne2 Rad8 20. Rf1 c5 21. e5 Nd5 22. e6 fxe6 23. fxg6 Rxf1+ 24. Kxf1 Rf8+ 25. Kg1 Nf6 26. Bxf6 exf6 27. Qxh5 1-0


[Site "https://www.chess.com"]

[Event "Titled Tuesday Blitz December 06 Late 2022"]
[White "Gutkin, Ilya"]
[Black "Erdogmus, Yagiz Kaan"]
[WhiteFideId "16203470"]
[BlackFideId "44599790"]
[WhiteElo "2265"]
[BlackElo "2353"]
[Result "0-1"]
[Round "07"]
[TimeControl "180+1"]
[Date "2022.12.07"]
[WhiteClock "0:00:02"]
[BlackClock "0:00:06"]

1. Nf3 c5 2. c4 Nc6 3. d4 cxd4 4. Nxd4 e6 5. Nc3 Nf6 6. e3 Nxd4 7. Qxd4 b6 8. Be2 Bb7 9. O-O Be7 10. Rd1 O-O 11. b3 Bc6 12. Bb2 Ne8 13. Bf3 Bf6 14. Qd2 Bxf3 15. gxf3 d6 16. Ne4 Bxb2 17. Qxb2 f5 18. Nc3 Qg5+ 19. Kh1 Qh5 20. Qe2 Rf6 21. f4 Qh4 22. Rg1 Rh6 23. Rg2 Nf6 24. Rag1 g6 25. Qf3 Rc8 26. Nb5 Ng4 27. Qg3 Qxg3 28. fxg3 a6 29. Nxd6 Rd8 30. c5 bxc5 31. Nc4 Rd3 32. Re1 Kf7 33. Kg1 Kf6 34. Rc2 g5 35. Rg2 Rh3 36. Rb2 h5 0-1


[Site "https://www.chess.com"]

[Event "Titled Tuesday Blitz December 06 Late 2022"]
[White "Harshavardhan G B"]
[Black "Vlassov, Nikolai"]
[WhiteFideId "25059009"]
[BlackFideId "4103360"]
[WhiteElo "2323"]
[BlackElo "2324"]
[Result "1-0"]
[Round "07"]
[TimeControl "180+1"]
[Date "2022.12.06"]
[WhiteClock "0:01:08"]
[BlackClock "0:00:27"]

1. d4 Nf6 2. c4 Nc6 3. Nf3 e6 4. a3 g6 5. Nc3 Bg7 6. e4 d5 7. e5 Ne4 8. h4 h6 9. Bd3 Nxc3 10. bxc3 dxc4 11. Bxc4 Na5 12. Bd3 c5 13. Be3 Bd7 14. O-O Qc7 15. h5 g5 16. Nd2 Bc6 17. Ne4 Bxe4 18. Bxe4 O-O-O 19. Qa4 Kb8 20. Rab1 a6 21. dxc5 Bxe5 22. Bxb7 Bxc3 23. Bxa6+ Ka8 24. Bb7+ Kb8 25. Bf3+ Kc8 26. Qb5 Rd7 27. c6 1-0


[Site "https://www.chess.com"]

[Event "Titled Tuesday Blitz December 06 Late 2022"]
[White "Haszon, David"]
[Black "Osmonbekov, Talaibek"]
[WhiteFideId "733610"]
[BlackFideId "2017253"]
[WhiteElo "2210"]
[BlackElo "2135"]
[Result "1-0"]
[Round "07"]
[TimeControl "180+1"]
[Date "2022.12.07"]
[WhiteClock "0:00:22"]
[BlackClock "0:00:01"]

1. e4 c5 2. c3 d5 3. exd5 Qxd5 4. d4 Nf6 5. Nf3 e6 6. Na3 a6 7. Be2 cxd4 8. cxd4 Nc6 9. O-O Be7 10. Bc4 Qh5 11. Be2 Qd5 12. Nc4 Qd8 13. Nce5 Nxe5 14. dxe5 Qxd1 15. Rxd1 Nd5 16. Bc4 Nb6 17. Bb3 O-O 18. Be3 Nd7 19. Rac1 a5 20. Rxc8 Raxc8 21. Rxd7 Bc5 22. Rxb7 Bxe3 23. fxe3 Rb8 24. Rc7 Rb4 25. Nd4 a4 26. a3 Rb6 27. Bxa4 Rxb2 28. Bc6 Ra2 29. a4 Rb8 30. Bb5 f6 31. Nxe6 fxe5 32. Rxg7+ Kh8 33. Rd7 Rc8 34. h4 h6 35. Rd8+ Rxd8 36. Nxd8 Kg7 37. Nc6 Kf6 38. Kh2 Ra3 39. a5 Rxe3 40. a6 Ra3 41. a7 e4 42. Kg1 e3 43. Kf1 Ra2 44. Ke1 Kf5 45. Be2 Kf4 46. Bf3 Kg3 47. h5 Kf4 48. Na5 Ra1+ 49. Ke2 Ra2+ 50. Kd3 1-0


[Site "https://www.chess.com"]

[Event "Titled Tuesday Blitz December 06 Late 2022"]
[White "Hoffmann, Asa"]
[Black "Ferreira, Vitor Hugo Vieira"]
[WhiteFideId "2001470"]
[BlackFideId "2119765"]
[WhiteElo "2117"]
[BlackElo "2146"]
[Result "1-0"]
[Round "07"]
[TimeControl "180+1"]
[Date "2022.12.07"]
[WhiteClock "0:00:48"]
[BlackClock "0:01:06"]

1. d4 d5 2. Bg5 Nf6 3. Nd2 e6 4. e3 c5 5. c3 b6 6. f4 Bb7 7. Ngf3 h6 8. Bh4 Be7 9. Bd3 Ne4 10. Bxe7 Qxe7 11. Bxe4 dxe4 12. Ne5 O-O 13. O-O Nc6 14. Qh5 Nxe5 15. fxe5 Qg5 16. Qxg5 hxg5 17. Rfd1 Bd5 18. c4 Bb7 19. dxc5 bxc5 20. Nb3 Rac8 21. Rd7 Ba6 22. Rc1 Rfd8 23. Rxa7 Rc6 24. Nxc5 Rxc5 25. Rxa6 Rd2 26. Rb6 Rxe5 27. c5 Red5 28. h3 Rd1+ 29. Rxd1 Rxd1+ 30. Kh2 f5 31. Rxe6 Rc1 32. c6 Kf7 33. Rd6 f4 34. Rd4 f3 35. gxf3 exf3 36. Kg3 Rxc6 37. Kxf3 Rc2 38. Rb4 Kg6 39. a4 Kh5 40. a5 Rc5 41. Ra4 Rb5 42. a6 Rb4 43. Rxb4 g4+ 44. hxg4+ Kh4 45. Rb5 g5 46. Rb6 1-0


[Site "https://www.chess.com"]

[Event "Titled Tuesday Blitz December 06 Late 2022"]
[White "Ibarra Jerez, Jose Carlos"]
[Black "Ezat, Mohamed"]
[WhiteFideId "2226332"]
[BlackFideId "10600906"]
[WhiteElo "2638"]
[BlackElo "2388"]
[Result "1-0"]
[Round "07"]
[TimeControl "180+1"]
[Date "2022.12.06"]
[WhiteClock "0:00:19"]
[BlackClock "0:00:10"]

1. e4 c6 2. Nf3 d5 3. d3 dxe4 4. dxe4 Qxd1+ 5. Kxd1 Bg4 6. Be2 Nd7 7. Ne1 Ngf6 8. Bxg4 Nxg4 9. Ke2 e6 10. f3 Nge5 11. a4 a5 12. Nd2 Bb4 13. c3 Be7 14. f4 Ng6 15. Nb3 f5 16. exf5 exf5 17. Nd3 O-O 18. Be3 Bd6 19. g3 Nf6 20. Kf3 Ne7 21. Rhd1 Ned5 22. Bd4 Ne4 23. Nf2 Rfe8 24. Nxe4 Rxe4 25. Nd2 Re6 26. Nc4 Bc7 27. Re1 Rae8 28. Rxe6 Rxe6 29. Rd1 g6 30. Be5 Bd8 31. Ne3 Be7 32. Nxd5 cxd5 33. Rxd5 Rb6 34. c4 Kf7 35. Rb5 Rxb5 36. axb5 a4 37. Bd4 a3 38. bxa3 Bxa3 39. Ke2 Bb4 40. Kd3 Ke6 41. Be3 Kd6 42. Kc2 Be1 43. Kb3 Ke6 44. Bd4 Kd6 45. Bc3 Bf2 46. Bb4+ Ke6 47. Ka4 Bg1 48. Be1 Bxh2 49. Bf2 h5 50. Ka5 h4 51. gxh4 Bxf4 52. Kb6 Bh2 53. Kxb7 f4 54. c5 Bg3 55. Bg1 f3 56. c6 Kf5 57. c7 Bxc7 58. Kxc7 Kg4 59. b6 Kxh4 60. b7 g5 61. b8=Q g4 62. Qh8+ Kg3 63. Qh2# 1-0


[Site "https://www.chess.com"]

[Event "Titled Tuesday Blitz December 06 Late 2022"]
[White "Ismayil, Malak"]
[Black "Yuan, Qingyu"]
[WhiteFideId "13412604"]
[BlackFideId "8609772"]
[WhiteElo "1880"]
[BlackElo "2359"]
[Result "0-1"]
[Round "07"]
[TimeControl "180+1"]
[Date "2022.12.07"]
[WhiteClock "0:00:01"]
[BlackClock "0:00:04"]

1. e4 e5 2. Nf3 Nc6 3. Bc4 Bc5 4. d3 Nf6 5. O-O O-O 6. Nc3 a6 7. Bg5 h6 8. Bxf6 Qxf6 9. Nd5 Qd8 10. c3 d6 11. b4 Ba7 12. h3 Ne7 13. Nxe7+ Qxe7 14. Re1 Kh8 15. d4 Be6 16. Bd3 Qf6 17. Bc2 Rfd8 18. Qd3 c6 19. Rad1 Bb6 20. a4 a5 21. b5 Rac8 22. bxc6 bxc6 23. Rb1 Bc7 24. d5 Bd7 25. Rb7 cxd5 26. exd5 g6 27. Nd2 Qh4 28. Re4 Qe7 29. Rc4 Bb8 30. Rxc8 Rxc8 31. Nc4 Qd8 32. Nxa5 Qxa5 33. Rxd7 Rxc3 34. Qd2 Kg7 35. Rb7 Bc7 36. Rb5 Rxc2 37. Qxc2 Qe1+ 38. Kh2 Bd8 39. Rb1 Qa5 40. Qc4 Bb6 41. Rb2 Bd4 42. Re2 h5 43. Qb5 Qc3 44. a5 e4 45. a6 Be5+ 46. g3 h4 47. Kg2 hxg3 48. Qa4 Qf3+ 49. Kf1 Qh1# 0-1


[Site "https://www.chess.com"]

[Event "Titled Tuesday Blitz December 06 Late 2022"]
[White "Jaferian, Koosha"]
[Black "Aldokhin, Ivan"]
[WhiteFideId "12507440"]
[BlackFideId "24115720"]
[WhiteElo "2127"]
[BlackElo "2313"]
[Result "1-0"]
[Round "07"]
[TimeControl "180+1"]
[Date "2022.12.07"]
[WhiteClock "0:00:05"]
[BlackClock "0:00:02"]

1. e4 c5 2. Nf3 e6 3. d4 cxd4 4. Nxd4 a6 5. Bd3 Qc7 6. c4 Nf6 7. Nc3 d6 8. O-O Be7 9. b3 Nbd7 10. Bb2 b6 11. Qe2 Bb7 12. Bc2 O-O 13. Rad1 Rac8 14. Rfe1 g6 15. Nb1 Rfe8 16. Nd2 Bf8 17. f4 e5 18. N4f3 exf4 19. Nf1 Ne5 20. Qd2 Nh5 21. Rc1 Bg7 22. Bd1 Qc5+ 23. Kh1 Nxf3 24. Bxf3 Bxb2 25. Qxb2 Qe5 26. Qf2 Rc6 27. Rcd1 Nf6 28. Rd4 g5 29. h3 h5 30. Nh2 Kg7 31. Red1 Rh8 32. Qd2 g4 33. Be2 Nxe4 34. Rxe4 Qxe4 35. hxg4 hxg4 36. Bxg4 Rc5 37. Bf3 Qh7 38. Qxf4 Re5 39. Bxb7 Qh4 40. Qxh4 Rxh4 41. Kg1 Re2 42. Nf3 Rh6 43. a4 Re3 44. Nd4 a5 45. Nf5+ Kg6 46. Nxe3 Rh4 47. Rxd6+ Kg5 48. Rd5+ Kf4 49. Kf2 Rh8 50. Rf5# 1-0


[Site "https://www.chess.com"]

[Event "Titled Tuesday Blitz December 06 Late 2022"]
[White "Joubert, Dantelle"]
[Black "Liu, Kelsey"]
[WhiteFideId "14310813"]
[BlackFideId "30944481"]
[WhiteElo "1507"]
[BlackElo "2269"]
[Result "1-0"]
[Round "07"]
[TimeControl "180+1"]
[Date "2022.12.07"]
[WhiteClock "0:00:03"]
[BlackClock "0:01:15"]

1. d4 Nf6 2. c4 e6 3. Nf3 d5 4. Nc3 Be7 5. Bf4 c6 6. e3 O-O 7. Be2 Nbd7 8. O-O b6 9. Rc1 Bb7 10. h3 Re8 11. Bd3 Nf8 12. b3 Ng6 13. Bh2 Ba3 14. Rc2 Bd6 15. Ne5 Qc7 16. f4 c5 17. Nb5 Qd8 18. Nxd6 Qxd6 19. Nxg6 hxg6 20. f5 Qc6 21. fxg6 dxc4 22. bxc4 fxg6 23. Bxg6 Red8 24. Be5 cxd4 25. Bxf6 gxf6 26. Qh5 Rd7 27. exd4 Rf8 28. Rf4 f5 29. Rh4 Kg7 30. Qh6+ Kf6 31. Qxf8+ Kg5 32. Qh8 Qa4 33. Qh6+ Kf6 34. Be8+ Ke7 35. Bxd7 Qxc2 36. Qg7+ Kd6 37. Bb5 a6 38. Qd7# 1-0


[Site "https://www.chess.com"]

[Event "Titled Tuesday Blitz December 06 Late 2022"]
[White "Kaganskiy, Gleb"]
[Black "Bilan, Danila"]
[WhiteFideId "4132025"]
[BlackFideId "24161918"]
[WhiteElo "2165"]
[BlackElo "2182"]
[Result "1-0"]
[Round "07"]
[TimeControl "180+1"]
[Date "2022.12.07"]
[WhiteClock "0:00:04"]
[BlackClock "0:00:04"]

1. e4 c6 2. c4 d5 3. cxd5 cxd5 4. exd5 Nf6 5. Qa4+ Nbd7 6. Bc4 g6 7. d3 Bg7 8. Nc3 O-O 9. Nf3 a6 10. Qa3 Rb8 11. Bf4 Ra8 12. O-O Nb6 13. Qb3 Bf5 14. Rfe1 Nfd7 15. Qa3 Nxc4 16. dxc4 Rc8 17. Ne5 Nxe5 18. Bxe5 f6 19. Bg3 Rxc4 20. Qxe7 Qxe7 21. Rxe7 Rf7 22. Rae1 Bf8 23. d6 Bxe7 24. dxe7 Bd7 25. e8=Q+ Bxe8 26. Rxe8+ Kg7 27. Rb8 Rd7 28. h4 h5 29. Kh2 Kf7 30. f3 Rb4 31. b3 Rbd4 32. Ne4 Rd1 33. Nd6+ Ke6 34. Nxb7 g5 35. Nc5+ Kf5 36. Nxd7 Rxd7 37. Rb6 Rd5 38. Rxa6 Rd4 39. Ra5+ Kg6 40. hxg5 fxg5 41. Bf2 Rd2 42. Kg1 Rd1+ 43. Kh2 Rd2 44. Bg3 h4 45. Bc7 Kh5 46. Ra4 Rc2 47. Bb8 Rc8 48. Rb4 Rc2 49. a4 Ra2 50. Bc7 Kg6 51. a5 Kf5 52. Bb6 Ra1 53. Ra4 Rb1 54. a6 g4 55. fxg4+ Kg5 56. a7 Rxb3 57. a8=Q Rxb6 58. Qd8+ Rf6 59. Ra6 Kxg4 60. Qxf6 h3 61. Qf3+ Kg5 62. Ra5+ Kh4 63. Qg3# 1-0


[Site "https://www.chess.com"]

[Event "Titled Tuesday Blitz December 06 Late 2022"]
[White "Kamsky, Gata"]
[Black "Abasov, Nijat"]
[WhiteFideId "2000024"]
[BlackFideId "13402960"]
[WhiteElo "2666"]
[BlackElo "2546"]
[Result "1/2-1/2"]
[Round "07"]
[TimeControl "180+1"]
[Date "2022.12.06"]
[WhiteClock "0:01:30"]
[BlackClock "0:01:07"]

1. d4 Nf6 2. Bf4 d5 3. e3 c5 4. c3 cxd4 5. exd4 Nc6 6. Nd2 Bf5 7. Ngf3 e6 8. Bb5 Bd6 9. Bxc6+ bxc6 10. Bxd6 Qxd6 11. b4 a5 12. a3 Ne4 13. Nxe4 Bxe4 14. O-O axb4 15. cxb4 Bxf3 16. Qxf3 O-O 17. Rac1 Ra6 18. Rc3 Rfa8 19. h4 h6 20. g3 Qd7 21. Rd1 Qe7 22. Rdd3 e5 23. dxe5 Qxe5 24. Re3 Qd6 25. Rcd3 Rd8 26. h5 c5 27. bxc5 Qxc5 28. Re5 Rf6 29. Qe3 Qxe3 30. Rdxe3 Kf8 31. Rd3 Ra6 32. Rexd5 Rxd5 33. Rxd5 Rxa3 34. Kg2 Rb3 35. Re5 Ra3 36. Rd5 Rb3 37. Re5 Ra3 38. Rd5 1/2-1/2


[Site "https://www.chess.com"]

[Event "Titled Tuesday Blitz December 06 Late 2022"]
[White "Kaplan, Avi Harrison"]
[Black "Marchesich, Giovanni"]
[WhiteFideId "30934559"]
[BlackFideId "2824790"]
[WhiteElo "1983"]
[BlackElo "2200"]
[Result "0-1"]
[Round "07"]
[TimeControl "180+1"]
[Date "2022.12.07"]
[WhiteClock "0:00:01"]
[BlackClock "0:00:43"]

1. d4 Nf6 2. c4 d6 3. Nc3 Nbd7 4. e4 e5 5. d5 Be7 6. f3 Kf8 7. Be3 g6 8. Bh6+ Kg8 9. h4 Ne8 10. h5 Bg5 11. hxg6 hxg6 12. Bxg5 Qxg5 13. Rxh8+ Kxh8 14. Nh3 Qg3+ 15. Kd2 a5 16. Kc2 Nc5 17. Qd2 Kg7 18. Re1 Bd7 19. Re3 Bxh3 20. gxh3 Nf6 21. Ne2 Qg5 22. Qc3 Nh5 23. b3 Nf4 24. a3 f5 25. Nxf4 Qxf4 26. exf5 Qxf5+ 27. Kb2 b6 28. Be2 Rh8 29. Bf1 Rh4 30. Ka2 Rd4 31. b4 axb4 32. axb4 Nd7 33. Kb3 Qb1+ 34. Ka4 Qxf1 35. Kb5 Nf6 36. Kc6 Rxc4+ 37. Kb7 Rxc3 38. Rxc3 Nxd5 39. Rc6 Qxf3 40. Kb8 e4 41. h4 e3 42. h5 e2 43. h6+ Kxh6 44. b5 e1=Q 45. Rc4 Qf8+ 46. Kb7 Nf4 47. Kc6 Qh1+ 48. Kd7 Qha8 49. Kxc7 Qfd8# 0-1


[Site "https://www.chess.com"]

[Event "Titled Tuesday Blitz December 06 Late 2022"]
[White "Kim, Sergey"]
[Black "Guzman Moneo, Alberto"]
[WhiteFideId "13700570"]
[BlackFideId "2209616"]
[WhiteElo "2583"]
[BlackElo "2157"]
[Result "0-1"]
[Round "07"]
[TimeControl "180+1"]
[Date "2022.12.07"]
[WhiteClock "0:00:01"]
[BlackClock "0:00:07"]

1. d4 Nf6 2. c4 c5 3. d5 b5 4. cxb5 a6 5. b6 g6 6. Nc3 Bg7 7. e4 d6 8. Nf3 O-O 9. Be2 Nbd7 10. a4 Qxb6 11. Nd2 Ne5 12. f4 Neg4 13. Nc4 Qb4 14. O-O h5 15. h3 Nh6 16. a5 Kh8 17. Ra3 Qb7 18. e5 Nd7 19. exd6 exd6 20. Nxd6 Qc7 21. Nc4 Nf5 22. Bxh5 Ng3 23. Bf3 Nxf1 24. Qxf1 Rb8 25. Qe1 Nf6 26. Qh4+ Kg8 27. f5 Bxf5 28. Bh6 Bxh6 29. Qxh6 Qg3 30. Ne2 Qe1+ 31. Kh2 Ne4 32. Re3 Nd2 33. Ng3 Nf1+ 34. Nxf1 Qxf1 35. d6 Rbe8 36. Ne5 Qc1 37. Qf4 Qxb2 38. d7 Rxe5 39. Rxe5 Bxd7 40. Bd5 Bf5 41. h4 Kg7 42. Qg3 Qc2 43. Re7 Qd3 44. Qe5+ Kh6 45. Qf4+ Kg7 46. Qe5+ Kh7 47. Qf4 Qxd5 48. Qg5 Qd8 49. h5 Re8 50. Rxf7+ Kg8 0-1


[Site "https://www.chess.com"]

[Event "Titled Tuesday Blitz December 06 Late 2022"]
[White "Korkmaz, Necmettin"]
[Black "Bas Mas, Jose Joaquin"]
[WhiteFideId "6303285"]
[BlackFideId "22219064"]
[WhiteElo "2094"]
[BlackElo "2233"]
[Result "1-0"]
[Round "07"]
[TimeControl "180+1"]
[Date "2022.12.07"]
[WhiteClock "0:00:12"]
[BlackClock "0:00:09"]

1. e4 c5 2. Nc3 Nc6 3. f4 g6 4. Nf3 Bg7 5. Bb5 Nd4 6. O-O Nxb5 7. Nxb5 d5 8. exd5 a6 9. Nc3 Nf6 10. d4 Nxd5 11. dxc5 Nxc3 12. Qxd8+ Kxd8 13. bxc3 Bxc3 14. Rd1+ Kc7 15. Rb1 Bg4 16. Rd3 Bxf3 17. Rxc3 Be4 18. f5 gxf5 19. Bf4+ Kc8 20. Rb6 Rd8 21. Rh6 f6 22. Rxh7 e5 23. Be3 f4 24. Rh4 fxe3 25. Rxe3 Bc6 26. Rh6 Rd1+ 27. Kf2 Kc7 28. Rxf6 Rad8 29. Rxe5 R1d2+ 30. Re2 R2d5 31. g4 Rxc5 32. h4 Rd4 33. Rg6 Rc3 34. h5 Rf3+ 35. Ke1 Rg3 36. h6 Rdxg4 37. h7 Rg1+ 38. Kd2 Rd4+ 39. Kc3 Rxg6 40. h8=Q Rdg4 41. Re7+ Kb6 42. Qd8+ Ka7 43. Re3 Bb5 44. Kb2 Rb6 45. Rb3 Rc4 46. c3 Rg4 47. Rb4 Rg2+ 48. Ka3 Rg3 49. Rb3 Rc6 50. Qd4+ Ka8 51. Qd8+ Ka7 52. Qd2 Rgg6 53. Qd4+ Ka8 54. Rb4 Rgd6 55. Qh8+ Ka7 56. Qe5 a5 57. Rxb5 b6 58. Kb3 Ka6 59. a4 Kb7 60. Qe2 Rd7 61. Qe4 Rc7 62. Re5 Ka7 63. c4 Rxc4 64. Qxc4 Rxc4 65. Kxc4 Ka6 66. Re6 Kb7 67. Kb5 Kc7 68. Rxb6 Kd7 69. Kxa5 Ke7 70. Kb5 Kd7 71. a5 Kc7 72. a6 Kc8 73. a7 Kd7 74. a8=Q Kc7 75. Qa7+ 1-0


[Site "https://www.chess.com"]

[Event "Titled Tuesday Blitz December 06 Late 2022"]
[White "Korobov, Anton"]
[Black "Quesada Perez, Yuniesky"]
[WhiteFideId "14105730"]
[BlackFideId "3504409"]
[WhiteElo "2635"]
[BlackElo "2600"]
[Result "1-0"]
[Round "07"]
[TimeControl "180+1"]
[Date "2022.12.06"]
[WhiteClock "0:00:54"]
[BlackClock "0:00:28"]

1. d4 d5 2. c4 c6 3. Nc3 Nf6 4. cxd5 cxd5 5. Bg5 Nc6 6. Bxf6 gxf6 7. e3 e6 8. Bd3 Bd6 9. Rc1 Bd7 10. f4 Ne7 11. Nf3 a6 12. O-O Bc6 13. a3 Rc8 14. Na4 Bxa4 15. Qxa4+ Qd7 16. Rxc8+ Nxc8 17. Qc2 Ne7 18. Rc1 f5 19. Ne5 Bxe5 20. fxe5 O-O 21. Qc7 Rd8 22. b4 Kg7 23. Rc5 Ng6 24. a4 Nf8 25. b5 axb5 26. Bxb5 Qxc7 27. Rxc7 Rb8 28. Kf2 Ng6 29. g3 Kf8 30. Ke2 h6 31. Kd3 Ne7 32. Bd7 Ng6 33. Kc3 h5 34. Kb4 h4 35. Kb5 b6 36. Rc8+ Rxc8 37. Bxc8 Ne7 38. Bd7 h3 39. Kxb6 f4 40. exf4 Nf5 41. a5 Nxg3 42. a6 Nf1 43. a7 1-0


[Site "https://www.chess.com"]